 Dungeon Crawl Stone Soup version 0.29.1-12-g30fa7ad0bf (webtiles) character file.

Game seed: 14174478124762602124

15227 croobank the Destroyer (level 11, 0/85 HPs)
             Began as a Demonspawn Conjurer on Jan 16, 2023.
             Was a High Priest of Vehumet.
             Slain by a komodo dragon (18 damage)
             ... on level 1 of the Lair of Beasts.
             The game lasted 00:38:00 (14908 turns).

croobank the Destroyer (Demonspawn Conjurer)       Turns: 14908, Time: 00:38:00

Health: 0/85       AC: 12    Str:  7    XL:     11   Next: 99%
Magic:  20/22      EV: 15    Int: 24    God:    Vehumet [*****.]
Gold:   692        SH:  4    Dex: 20    Spells: 6/24 levels left

rFire   x x .      SeeInvis +   j - +7 great sword "Adal Qou" {pain, rF- rCorr Dex+5}
rCold   . . .      Faith    .   (shield currently unavailable)
rNeg    . . .      Spirit   .   S - +0 acid dragon scales
rPois   +          Reflect  .   k - +1 helmet of Tiunuj {Rampage rElec rPois rF-}
rElec   +          Harm     .   (no cloak)
rCorr   +          Rampage  +   e - +0 pair of fencer's gloves {Riposte Dex+3}
Will    +....                   (boots unavailable)
Stlth   ++++......              P - amulet of magic regeneration
HPRegen 0.24/turn               y - ring of see invisible
MPRegen 0.58/turn               b - ring of willpower

@: no status effects
A: hooves 3, icy blue scales 2, spiny 1, condensation shield, bedeviling
a: Renounce Religion


You were on level 1 of the Lair of Beasts.
You worshipped Vehumet.
Vehumet was extremely pleased with you.
You visited 2 branches of the dungeon, and saw 12 of its levels.
You also visited: Ice Cave.

You collected 720 gold pieces.
You spent 28 gold pieces at shops.

Inventory:

Hand Weapons
 a - a +1 dagger of venom
 j - the +7 great sword "Adal Qou" (weapon) {pain, rF- rCorr Dex+5}
   (You found it on level 4 of the Dungeon)

   In the hands of one skilled in necromantic magic, it inflicts extra damage on
   living creatures.
   Dex:       It affects your dexterity (+5).
   rF:        It makes you vulnerable to fire.
   rCorr:     It protects you from acid and corrosion.
 A - a +4 short sword of freezing
 B - a +4 hand axe
 F - a +3 dagger of draining
 L - a +4 vampiric scimitar
 O - a +3 shortbow
Missiles
 f - 3 atropa-tipped darts
 D - a curare-tipped dart
 E - 24 poisoned darts
Armour
 e - the +0 pair of fencer's gloves (worn) {Riposte Dex+3}
   (You acquired it on level 4 of the Dungeon)

   It allows the wearer to riposte with melee weapons, swiftly retaliating
   against missed or blocked melee attacks.
   Dex:       It affects your dexterity (+3).
 k - the +1 helmet of Tiunuj (worn) {Rampage rElec rPois rF-}
   (You found it on level 3 of the Dungeon)

   rF:        It makes you vulnerable to fire.
   rElec:     It insulates you from electricity.
   rPois:     It protects you from poison.
   Rampage:   It bestows one free step when moving towards enemies.
 p - a +0 troll leather armour
 x - a +1 buckler
 J - a +1 robe of the Archmagi
 R - a +2 plate armour of cold resistance
 S - +0 acid dragon scales (worn)
Magical Staves
 w - a staff of death
 N - a staff of air
Jewellery
 b - a ring of willpower (right hand)
 n - a ring of magical power
 y - a ring of see invisible (left hand)
 P - an amulet of magic regeneration (around neck)
Wands
 c - a wand of iceblast (12)
 i - a wand of paralysis (4)
 m - a wand of flame (12)
 t - a wand of digging (17)
Scrolls
 q - 4 scrolls of fear
 s - a scroll of identify
 u - 2 scrolls of blinking
 z - a scroll of teleportation
 C - a scroll of immolation
 G - 2 scrolls of amnesia
 I - a scroll of brand weapon
 M - 2 scrolls of enchant weapon
 T - a scroll of fog {unknown}
Potions
 d - 5 potions of attraction
 g - 5 potions of flight
 h - 2 potions of might
 l - 4 potions of haste
 o - a potion of cancellation
 r - 7 potions of curing
 v - 2 potions of ambrosia
 H - 2 potions of invisibility
 K - a potion of mutation
 Q - a potion of berserk rage


   Skills:
 + Level 7.7 Fighting
 + Level 7.4 Dodging
 + Level 8.0 Stealth
 + Level 7.4 Spellcasting
 + Level 8.9 Conjurations
 + Level 7.4 Hexes
 + Level 4.5 Earth Magic


You had 6 spell levels left.
You knew the following spells:

 Your Spells              Type           Power      Damage    Failure   Level
a - Magic Dart            Conj           100%       1d8       1%          1
b - Searing Ray           Conj           100%       2d8       1%          2
c - Dazzling Flash        Conj/Hex       100%       N/A       1%          3
d - Slow                  Hex            100%       N/A       1%          1
e - Frozen Ramparts       Ice            16%        1d3       11%         3
f - Inner Flame           Hex/Fire       40%        N/A       2%          3
g - Lee's Rapid Deconstr  Erth           15%        3d11*     16%         5

Your spell library contained the following spells:

 Spells                   Type           Power      Damage    Failure   Level
 Orb of Destruction       Conj           25%        9d9       54%         7
 Confusing Touch          Hex            61%        N/A       1%          3
 Fulminant Prism          Conj/Hex       32%        3d16      1%          4
 Iskenderun's Mystic Bla  Conj/Tloc      30%        2d8       6%          4
 Portal Projectile        Hex/Tloc       80%        N/A       9%          3
 Leda's Liquefaction      Hex/Erth       27%        N/A       11%         4
 Apportation              Tloc           16%        N/A       13%         1
 Necrotise                Necr           32%        1d5       13%         1
 Summon Small Mammal      Summ           32%        N/A       13%         1
 Lightning Bolt           Conj/Air       15%        1d29      16%         5
 Airstrike                Air            4%         2d(1-17)  32%         4
 Call Canine Familiar     Summ           8%         N/A       36%         3
 Vampiric Draining        Necr           8%         2d6       36%         3
 Summon Lightning Spire   Summ/Air       8%         N/A       78%         4


Dungeon Overview and Level Annotations

Branches:
Dungeon (11/15)            Temple (0/1) D:4            Lair (1/5) D:9
  IceCv (visited)
    Orc: D:9-12

Altars:
Ashenzari
Fedhas
Gozag
Makhleb
Nemelex Xobeh
Sif Muna
Uskayaw
Vehumet
Wu Jian
Xom
Yredelemnul

Shops:
D:1 ?

Portals:
Abyss: D:7

Annotations:
D:7 2 transporters, growler's ghost, novice MeEE
D:9 3 runed translucent doors, cheesebisquit's ghost, novice MiBe
D:11 exclusion: obsidian statue


Innate Abilities, Weirdness & Mutations

You have hooves in place of feet.
You are mostly covered in icy blue scales. (AC +3)
You are partially covered in sharp spines.
A meltable shield of frost defends you. (SH +4)
Your hexes are more powerful.


Message History

A komodo dragon comes into view.
Found a shortbow.
You see here 15 gold pieces.
A rime drake comes into view.
The rime drake hisses angrily.
A cane toad comes into view.
A bullfrog comes into view.
You slash the rime drake!
The rime drake is moderately wounded.
The rime drake is struck by your spines.
The rime drake bites you but does no damage.
You block the rime drake's attack.
The komodo dragon completely misses you.
You slash the rime drake! Your kick misses the rime drake.
The rime drake is heavily wounded.
The rime drake bites you. You block the komodo dragon's attack.
You riposte.
You closely miss the komodo dragon.
You kick the komodo dragon, but do no damage.
The rime drake breathes ice at you. The flash freeze hits you!
You are encased in ice.
The komodo dragon is struck by your spines.
The komodo dragon bites you.
You slice the rime drake!!
You kill the rime drake!
Vehumet accepts your kill. The komodo dragon bites you!!
You hit the komodo dragon.
You kick the komodo dragon, but do no damage.
The komodo dragon is lightly wounded.
The ice encasing you melts away. The komodo dragon bites you.
The komodo dragon bites you!!
* * * LOW HITPOINT WARNING * * *
Casting: Lee's Rapid Deconstruction (dangerous; 16% risk of failure)
Confirm with . or Enter, or press ? or * to list all spells.
Casting: Dazzling Flash (safe; 1% risk of failure)
Press: ? - help, Dir - look around, f - activate You feel a surge of power!
The komodo dragon is dazzled.
The komodo dragon is struck by your spines.
The komodo dragon bites you!!
You die...

#.## .##
#.P####..#
#.......#
#.......#
#...$...#
#.......#
#.......##
#..[.....#
#....@l.##
##)#.#.##
###.#.#
#.#.# ..
.# .. ..
#.. .# #..
##


You could see a komodo dragon (blind).

Vanquished Creatures
  A hydra (D:11)
  4 two-headed ogres
  3 rime drakes
  A komodo dragon (D:10)
  3 polar bears (IceCv)
  A troll (D:11)
  A wraith (D:10)
  2 shadows (D:11)
  3 wyverns (D:9)
  A steam dragon (D:8)
  A basilisk (D:9)
  21 yaks
  An acid dragon (D:11)
  6 water moccasins
  2 ice beasts (D:7)
  4 orc warriors
  4 black bears (D:9)
  An ogre (D:3)
  8 wolves
  A sky beast (D:8)
  4 centaurs
  4 kobold brigands
  A gnoll sergeant (D:11)
  3 bullfrogs
  A necrophage (D:4)
  3 scorpions
  23 wights
  9 killer bees
  2 howler monkeys
  9 orc priests
  3 hounds (D:5)
  2 jellies (D:8)
  Jessica (D:2)
  11 orc wizards
  3 iguanas
  8 gnolls
  5 adders
  A shadow imp (D:8)
  2 white imps
  3 worms
  4 dart slugs
  37 orcs
  6 endoplasms
  5 goblins
  7 hobgoblins
  12 jackals
  45 kobolds
  4 quokkas
  4 ball pythons
  7 bats
  9 frilled lizards
  4 rats
311 creatures vanquished.

Vanquished Creatures (collateral kills)
  An endoplasm (D:2)
1 creature vanquished.

Vanquished Creatures (others)
  An orc (D:9)
  13 bushes
  2 fungi (D:9)
  27 plants
43 creatures vanquished.

Grand Total: 355 creatures vanquished

Notes
Turn   | Place    | Note
-------+----------+-------------------------------------------
     0 | D:1      | croobank the Demonspawn Conjurer began the quest for the
                  | Orb.
     0 | D:1      | Reached XP level 1. HP: 13/13 MP: 3/3
   226 | D:1      | Found a faded altar of an unknown god.
   362 | D:1      | Gained mutation: A meltable shield of frost defends you.
                  | (SH +4) [demonic ancestry]
   362 | D:1      | Reached XP level 2. HP: 19/19 MP: 0/5
   815 | D:1      | Learned a level 2 spell: Searing Ray
   835 | D:1      | Found Imyth's Magic Scroll Boutique.
   911 | D:1      | Bought a scroll of identify for 28 gold pieces
  1351 | D:2      | Gained mutation: You are partially covered in icy blue
                  | scales. (AC +2) [demonic ancestry]
  1351 | D:2      | Reached XP level 3. HP: 24/24 MP: 4/6
  1355 | D:2      | Learned a level 3 spell: Dazzling Flash
  1535 | D:2      | Reached skill level 1 in Fighting
  1893 | D:2      | Gained mutation: You are partially covered in sharp spines.
                  | [demonic ancestry]
  1893 | D:2      | Reached XP level 4. HP: 32/32 MP: 1/7
  2184 | D:2      | Found a radiant altar of Vehumet.
  2186 | D:2      | Noticed Jessica
  2197 | D:2      | Killed Jessica
  2313 | D:2      | Became a worshipper of Vehumet
  2654 | D:3      | Learned a level 1 spell: Slow
  2704 | D:3      | Identified the +1 helmet of Tiunuj {Rampage rElec rPois
                  | rF-}
  2894 | D:3      | Noticed an ogre
  3013 | D:3      | Killed an ogre
  3014 | D:3      | Reached skill level 1 in Hexes
  3014 | D:3      | Gained mutation: You have large cloven feet. [demonic
                  | ancestry]
  3014 | D:3      | Reached XP level 5. HP: 38/38 MP: 2/9
  3097 | D:3      | Found a basalt altar of Yredelemnul.
  3329 | D:3      | Found a shimmering blue altar of Sif Muna.
  3646 | D:4      | Reached * piety under Vehumet
  3646 | D:4      | Offered knowledge of Sandblast by Vehumet.
  3780 | D:4      | Identified the +7 great sword "Adal Qou" {pain, rF- rCorr
                  | Dex+5}
  3856 | D:4      | Found a staircase to the Ecumenical Temple.
  3884 | D:4      | Gained mutation: You have hoof-like feet. [demonic
                  | ancestry]
  3884 | D:4      | Reached XP level 6. HP: 27/44 MP: 10/10
  4000 | D:4      | Found a shimmering altar of Xom.
  4606 | D:4      | Reached skill level 5 in Conjurations
  5018 | D:4      | Found a sparkling altar of Nemelex Xobeh.
  5018 | D:4      | Found an ornate altar of the Wu Jian Council.
  5170 | D:4      | Identified a scroll of acquirement
  5170 | D:4      | Acquired the +0 pair of fencer's gloves {Riposte Dex+3}
  5170 | D:4      | Found the +0 pair of fencer's gloves {Riposte Dex+3}
  5194 | D:5      | Entered Level 5 of the Dungeon
  5204 | D:5      | Noticed a water moccasin
  5246 | D:5      | Killed a water moccasin
  5247 | D:5      | Gained mutation: You are mostly covered in icy blue scales.
                  | (AC +3) [demonic ancestry]
  5247 | D:5      | Reached XP level 7. HP: 20/51 MP: 12/12
  5617 | D:5      | Reached ** piety under Vehumet
  5617 | D:5      | Offered knowledge of Static Discharge by Vehumet.
  6289 | D:6      | Reached XP level 8. HP: 58/58 MP: 12/14
  6587 | D:6      | Offered knowledge of Frozen Ramparts by Vehumet.
  6589 | D:6      | Reached *** piety under Vehumet
  6595 | D:6      | Learned a level 3 spell: Frozen Ramparts
  6976 | D:6      | Reached skill level 5 in Stealth
  7442 | D:6      | Reached XP level 9. HP: 66/66 MP: 16/16
  7489 | D:7      | Offered knowledge of Inner Flame by Vehumet.
  7502 | D:7      | Learned a level 3 spell: Inner Flame
  7571 | D:7      | Found a transporter.
  7618 | D:7      | Reached skill level 5 in Spellcasting
  7619 | D:7      | Reached skill level 5 in Dodging
  7623 | D:7      | Reached skill level 5 in Fighting
  7706 | D:7      | Found a one-way gate to the infinite horrors of the Abyss.
  7706 | D:7      | Noticed growler's ghost (novice MeEE)
  7713 | D:7      | Noticed a large abomination
  7721 | D:7      | Found a transporter.
  7730 | D:7      | Reached **** piety under Vehumet
  7846 | D:7      | Found a blossoming altar of Fedhas.
  7935 | D:7      | Noticed an ancient zyme
  8229 | D:7      | Found a broken altar of Ashenzari.
  8312 | D:8      | Reached skill level 5 in Hexes
  8313 | D:8      | Offered knowledge of Lee's Rapid Deconstruction by Vehumet.
  8488 | D:8      | Learned a level 5 spell: Lee's Rapid Deconstruction
  9160 | D:8      | Gained mutation: You have hooves in place of feet. [demonic
                  | ancestry]
  9160 | D:8      | Reached XP level 10. HP: 53/76 MP: 18/18
  9559 | D:8      | Reached skill level 1 in Earth Magic
 10967 | D:9      | Noticed a two-headed ogre
 10983 | D:9      | Killed a two-headed ogre
 11009 | D:9      | Found an opulent altar of Gozag.
 11249 | D:9      | Found a staircase to the Lair.
 11554 | D:9      | Noticed a two-headed ogre
 11561 | D:9      | Killed a two-headed ogre
 11562 | D:9      | Gained mutation: Your hexes are more powerful. [demonic
                  | ancestry]
 11562 | D:9      | Reached XP level 11. HP: 83/83 MP: 14/20
 11578 | D:9      | Noticed a two-headed ogre
 11589 | D:9      | Killed a two-headed ogre
 12067 | D:9      | Found a runed translucent gate.
 12067 | D:9      | Found a runed translucent gate.
 12067 | D:9      | Found a runed translucent gate.
 12068 | D:9      | Noticed a ten-headed hydra
 12069 | D:9      | Noticed a ten-headed hydra
 12070 | D:9      | Noticed cheesebisquit's ghost (novice MiBe)
 12185 | D:10     | Entered Level 10 of the Dungeon
 12316 | D:10     | Noticed a two-headed ogre
 12323 | D:10     | Killed a two-headed ogre
 12379 | D:10     | Reached ***** piety under Vehumet
 12517 | D:10     | Found a hide-covered altar of Uskayaw.
 12529 | D:10     | Offered knowledge of Orb of Destruction by Vehumet.
 12548 | D:10     | Found a radiant altar of Vehumet.
 13303 | D:10     | Found a burning altar of Makhleb.
 13481 | D:11     | Found a frozen archway.
 13523 | IceCv    | Entered an ice cave
 13989 | IceCv    | Noticed a death yak
 13991 | IceCv    | Noticed a death yak
 14017 | D:11     | Noticed a seven-headed hydra
 14043 | D:11     | Killed a seven-headed hydra
 14142 | D:11     | Found an ornate altar of the Wu Jian Council.
 14503 | D:11     | Noticed an obsidian statue
 14826 | Lair:1   | Entered Level 1 of the Lair of Beasts
 14908 | Lair:1   | Slain by a komodo dragon

Illustrated notes

Levels and vault maps discovered:
D:1:      dpeg_arrival_rooms_c, layout_basic,
          hellmonk_ecumenical_altar_pennies_from_heaven, serial_shops,
          nicolae_shop_window_shopping, serial_rivers,
          chequers_serial_rivers_large_a, chequers_serial_rivers_micro_d,
          chequers_serial_rivers_room_a, chequers_serial_rivers_large_b,
          chequers_serial_rivers_micro_b, chequers_serial_rivers_micro_e,
          st_stairs_6
D:2:      layout_basic, basic_altar, glass_columns_c, uniq_jessica
D:3:      layout_loops_ring, tgw_sif, mainiacjoe_overflow_brackets
D:4:      layout_layer_cave, mainiacjoe_overflow_boulevard,
          gammafunk_temple_overflow_elements, minmay_temple_entry_sparse_star,
          chequers_serial_rivers_micro_d, serial_park_tiny_pond
D:5:      layout_rooms, minmay_statues_item
D:6:      kennysheep_kobold_camp, layout_loops_ring
D:7:      layout_basic, mainiacjoe_overflow_alcove_4,
          fedhas_altar_decomposition, gammafunk_ghost_abyssal_escape
D:8:      layout_cave_pods
D:9:      layout_long_grid, nicolae_gozag_seed_capital, minmay_lair_entry_grove,
          gammafunk_ghost_hydra_chop, grunt_ministairs_5, minivault_1
D:10:     layout_loops_ring, mainiacjoe_overflow_cross_hatched,
          nicolae_uskayaw_murder_on_the_dancefloor, bloody_makhleb
D:11:     layout_irregular_city, portal_ice_cave_entry_pillars_1, minivault_16,
          chequers_serial_rivers_micro_b, corexii_leaking_fountain,
          nicolae_wu_jian_wuxing_cycle, uniq_snorg
Lair:1:   layout_loops_ring, serial_bayou_shore_b

Skill      XL: |  1  2  3  4  5  6  7  8  9 10 11 |
---------------+----------------------------------+-----
Stealth        | 2 3 4 5 6 7 8 |  8.0
Dodging        | 2 3 4 5 6 7 |  7.4
Fighting       | 1 2 3 4 5 6 7 |  7.7
Hexes          | 1 2 3 4 5 6 7 |  7.4
Spellcasting   | 3 4 5 6 7 |  7.4
Conjurations   | 5 6 7 8 |  8.9
Earth Magic    | 3 4 |  4.5

Action                   |  1- 3 |  4- 6 |  7- 9 | 10-12 || total
-------------------------+-------+-------+-------+-------++-------
Melee: Unarmed           |     2 |       |       |       ||     2
       Short sword       |    10 |    35 |       |       ||    45
       Great sword       |       |    48 |   148 |   165 ||   361
       Kick              |       |     7 |    57 |    80 ||   144
       Dagger            |       |       |       |     2 ||     2
 Cast: Magic Dart        |    36 |     8 |       |       ||    44
       Searing Ray       |     9 |    15 |     1 |       ||    25
       Dazzling Flash    |       |     2 |       |     8 ||    10
       Lee's Rapid Decon |       |       |       |    15 ||    15
       Inner Flame       |       |       |       |     2 ||     2
  Use: Potion            |     1 |     1 |     1 |     2 ||     5
       Scroll            |     2 |    11 |     5 |     8 ||    26
 Stab: Sleeping          |     1 |     5 |     6 |     6 ||    18
       Invisible         |       |     1 |       |     3 ||     4
       Distracted        |       |     1 |       |     1 ||     2
Armor: Robe              |     3 |    24 |    53 |    48 ||   128
       Acid dragon scale |       |       |       |     3 ||     3
Dodge: Dodged            |    18 |    50 |   139 |   258 ||   465
Block: Other             |     4 |    11 |    35 |    39 ||    89
       Rpst.: Great sword |       |     2 |    64 |    83 ||   149
